 Dungeon Crawl Stone Soup version 0.31-a0-246-g8cbcc1cb85 (webtiles) character file.

Game seed: 7574087647661737229

1097 cforsyth the Grappler (level 8, 0/74 HPs)
             Began as an Ogre Shapeshifter on July 12, 2023.
             Slain by a gnoll
             ... wielding a +0 spear
             ... led by a gnoll sergeant
              (9 damage)
             ... on level 6 of the Dungeon.
             The game lasted 00:10:52 (5687 turns).

cforsyth the Grappler (Ogre Shapeshifter)           Turns: 5687, Time: 00:10:53

Health: 0/74       AC:  3    Str: 22    XL:     8   Next: 31%
Magic:  8/8        EV:  9    Int:  9    God:
Gold:   226        SH:  0    Dex:  9    Spells: 7/7 levels left

rFire   + .          .
                       - Unarmed
rCold   + . .        (no shield)
rNeg    . . .        a - +0 animal skin
rPois   .            A - melded +0 hat
rElec   .            (cloak currently unavailable)
rCorr   .            (gloves unavailable)
SInv    .            (boots unavailable)
Will    .....        (no amulet)
Stlth   +            y - ring of protection from cold
HPRegen 0.32/turn    x - ring of protection from fire
MPRegen 0.11/turn

%: no passive effects
@: beast-form
A: beast (slay +3), large, unfitting armour, tough skin 1
a: no special abilities


You were on level 6 of the Dungeon.
You were a hulking beast.
You visited 1 branch of the dungeon, and saw 6 of its levels.
You also visited: Ossuary.

You collected 226 gold pieces.

Inventory:

Armour
 a - a +0 animal skin (worn)
 A - a +0 hat (melded)
Jewellery
 x - a ring of protection from fire (right hand)
 y - a ring of protection from cold (left hand)
 C - a ring of fire
Talismans
 c - a beast talisman
 j - a blade talisman
Wands
 o - a wand of roots (8)
Scrolls
 d - 4 scrolls of revelation {unknown}
 e - 3 scrolls of vulnerability {unknown}
 h - 4 scrolls of fog {unknown}
 i - 7 scrolls of noise
 k - 3 scrolls of enchant weapon {unknown}
 m - 4 scrolls of identify {unknown}
 n - 2 scrolls of fear {unknown}
 q - 2 scrolls of poison {unknown}
 r - 3 scrolls of blinking {unknown}
 t - 2 scrolls of silence {unknown}
 v - 3 scrolls of amnesia {unknown}
 w - a scroll of torment {unknown}
 z - a scroll of brand weapon {unknown}
 B - a scroll of teleportation {unknown}
Potions
 b - a potion of lignification
 f - 2 potions of berserk rage {unknown}
 g - 5 potions of haste {unknown}
 l - 3 potions of heal wounds {unknown}
 p - 5 potions of curing {unknown}
 s - 2 potions of magic {unknown}
 u - 3 potions of attraction {unknown}


   Skills:
 - Level 2.6 Fighting
 - Level 1.7 Dodging
 + Level 8.0 Unarmed Combat
 + Level 4.6 Shapeshifting


You had 7 spell levels left.
You didn't know any spells.
Your spell library contained the following spells:

 Spells                   Type           Power      Damage    Failure   Level
 Blink                    Tloc           0%         N/A       52%         2
 Lesser Beckoning         Tloc           0%         N/A       52%         2
 Gell's Gravitas          Tloc           0%         N/A       77%         3
 Ozocubu's Armour         Ice            0%         N/A       77%         3
 Teleport Other           Tloc           0%         N/A       77%         3
 Manifold Assault         Tloc           0%         N/A       99%         4
 Metabolic Englaciation   Hex/Ice        0%         N/A       100%        5
 Simulacrum               Ice/Necr       0%         N/A       100%        6
 Ozocubu's Refrigeration  Ice            0%         4d7       100%        7
 Polar Vortex             Ice            0%         N/A       100%        9


Dungeon Overview and Level Annotations

Branches:
Dungeon (6/15)            Ossuary (visited)
 Temple: D:4-7

Altars:
Ru
Trog
The Shining One


Innate Abilities, Weirdness & Mutations

You are a hulking beast.
Your limbs bulge with bestial killing power. (Slay +3)
You are too large for most types of armour.
You have tough skin. (AC +1)


Message History

The gnoll shouts!
You punch the gnoll!
You kill the gnoll!
The gnoll completely misses you.
The gnoll sergeant completely misses you.
The gnoll hits you with a +0 spear.
You see here a +0 flail.
You hit the gnoll. You punch the gnoll.
The gnoll is almost dead.
The gnoll sergeant hits you from afar with a +5 trident of protection!
The gnoll hits you with a +0 spear.
You completely miss the gnoll.
The gnoll is almost dead.
The gnoll sergeant barely misses you. The gnoll hits you with a +0 spear.
You punch the gnoll!
You kill the gnoll!
The gnoll sergeant barely misses you.
The gnoll sergeant hits you with a +5 trident of protection!
The gnoll closely misses you.
Things that are here:
a +0 spear; a gnoll corpse You punch the gnoll sergeant!
The gnoll sergeant is moderately wounded.
You hit the gnoll sergeant but do no damage.
The gnoll sergeant is moderately wounded.
The gnoll sergeant hits you with a +5 trident of protection!
The gnoll hits you from afar with a +0 spear.
You are too injured to fight recklessly!
You are too injured to fight recklessly!
You are too injured to fight recklessly!
You are too injured to fight recklessly!
You are too injured to fight recklessly!
You are too injured to fight recklessly!
You are too injured to fight recklessly!
You punch the gnoll sergeant!
The gnoll sergeant is heavily wounded.
The gnoll sergeant hits you with a +5 trident of protection!
* * * LOW HITPOINT WARNING * * *
The gnoll hits you from afar with a +0 spear!
You die...

############# #...........#
#.##.######.# #.#.#.#####.#
#...........#
###########.#.#.......##
######.....)hggg.....##......
####......#########...........#.
##....###### #.g.........##
#..##.# #.#.#.##.#### ......#
###.#...##.# .####.#
....#....#.# ...##.#
##..#.###..# ....#..
#)....###..# ....#.. #...>..#.##


You could see a gnoll sergeant and 2 gnolls.

Vanquished Creatures
  A water moccasin (D:5)
  An ogre (D:6)
  A centaur (D:6)
  A phantom (D:4)
  2 centaur zombies (Ossuary)
  2 human zombies (Ossuary)
  3 orc priests
  2 jellies (D:5)
  2 hounds (D:5)
  An iguana (D:4)
  3 orc wizards
  4 mummies (Ossuary)
  Robin (D:3)
  3 gnolls
  9 adders
  A white imp (D:5)
  An ufetubus (D:4)
  A worm (D:4)
  3 dart slugs
  20 orcs
  4 endoplasms
  A giant cockroach (D:3)
  14 goblins
  13 hobgoblins
  3 quokkas
  15 ball pythons
  8 bats
  5 frilled lizards
  2 goblin zombies (Ossuary)
  A hobgoblin zombie (Ossuary)
  9 kobolds
  An orc zombie (Ossuary)
  4 rats
142 creatures vanquished.

Notes
Turn   | Place    | Note
-------+----------+-------------------------------------------
     0 | D:1      | cforsyth the Ogre Shapeshifter began the quest for the Orb.
     0 | D:1      | Reached XP level 1. HP: 22/22 MP: 1/1
    54 | D:1      | Reached skill level 2 in Unarmed Combat
    67 | D:1      | Reached XP level 2. HP: 17/29 MP: 2/2
   327 | D:1      | Reached skill level 3 in Unarmed Combat
   327 | D:1      | Reached XP level 3. HP: 28/36 MP: 3/3
  1265 | D:3      | Reached XP level 4. HP: 43/44 MP: 4/4
  1277 | D:3      | Reached skill level 4 in Unarmed Combat
  1283 | D:3      | Identified the +3 leather armour "Ikisuekk" {SInv}
  1528 | D:3      | Reached XP level 5. HP: 47/50 MP: 5/5
  1828 | D:3      | Noticed Robin
  1936 | D:3      | Killed Robin
  2050 | D:3      | Reached skill level 5 in Unarmed Combat
  2380 | D:4      | Found a sand-covered staircase.
  2387 | Ossuary  | Entered an ossuary
  2408 | Ossuary  | Reached XP level 6. HP: 31/59 MP: 6/6
  2718 | Ossuary  | Reached skill level 6 in Unarmed Combat
  2870 | D:4      | Reached XP level 7. HP: 58/66 MP: 7/7
  3450 | D:5      | Entered Level 5 of the Dungeon
  3458 | D:5      | Reached skill level 7 in Unarmed Combat
  3584 | D:5      | Found a sacrificial altar of Ru.
  3663 | D:5      | Found a bloodstained altar of Trog.
  4621 | D:5      | Reached XP level 8. HP: 72/74 MP: 8/8
  5407 | D:6      | Reached skill level 8 in Unarmed Combat
  5588 | D:6      | Found a glowing golden altar of the Shining One.
  5687 | D:6      | Slain by a gnoll

Illustrated notes

Levels and vault maps discovered:
D:1:      dpeg_arrival_pond, layout_rooms
D:2:      layout_basic
D:3:      layout_basic, minmay_fractal_squares_diagonal_5, uniq_robin
D:4:      layout_loops_ring, nicolae_ossuary_entry_monument
D:5:      corexii_shack_village, layout_loops_ring,
          nicolae_overflow_crystal_walls, nicolae_ru_awakened_eye
D:6:      layout_loops_ring, old_standard_altar, minmay_temple_entry_fiery,
          kennysheep_donut, hangedman_decor_lopped

Skill      XL: |  1  2  3  4  5  6  7  8 |
---------------+-------------------------+-----
Unarmed Combat | 2 3 4 5 6 7 8 |  8.0
Shapeshifting  | 4 |  4.6
Fighting       | |  2.6
Dodging        | |  1.7

Action                     |  1- 3 |  4- 6 |  7- 9 || total
---------------------------+-------+-------+-------++-------
  Melee: Unarmed           |    84 |   191 |   111 ||   386
         Punch             |     4 |     7 |     8 ||    19
  Evoke: Wand              |       |     2 |       ||     2
   Stab: Distracted        |       |     1 |       ||     1
         Sleeping          |       |       |     2 ||     2
 Armour: Animal skin       |    17 |    40 |    18 ||    75
  Dodge: Dodged            |    33 |    46 |    36 ||   115
         Form:             |     2 |       |     1 ||     3
         Beast             |     2 |       |     1 ||     3

Table legend: (Time is in decaauts)
 A = Elapsed time spent in this place.
 B = Non-inter-level travel time spent in this place.
 C = Inter-level travel time spent in this place.
 D = Time resting spent in this place.
 E = Time spent auto-exploring this place.
 F = Levels seen in this place.
 G = Mean time per level.
                   A        B        C        D        E       F      G
               +--------+--------+--------+--------+--------+-----+--------+
         Total |   5651 |   5477 |    174 |    801 |   3602 |   7 |  807.3 |
       Dungeon |   5196 |   5022 |    174 |    668 |   3398 |   6 |  866.0 |
       Ossuary |    455 |    455 |      0 |    133 |    204 |   1 |  455.0 |
               +--------+--------+--------+--------+--------+-----+--------+

Top non-repeatable levels by time:
     D:5: 1570 daAuts
     D:3: 932 daAuts
     D:4: 843 daAuts
     D:6: 655 daAuts
     D:1: 605 daAuts
     D:2: 588 daAuts
 Ossuary: 455 daAuts
